 Dungeon Crawl Stone Soup version 0.22-a0-469-gf26638a (webtiles) character file.

120325 CanOfBees the Warrior (level 16, -6/157 HPs)
             Began as a Minotaur Berserker on June 12, 2018.
             Was a High Priest of Trog.
             Engulfed by a ghost crab's spectral mist (11 damage)
             ... on level 1 of the Swamp on June 13, 2018.
             The game lasted 01:16:56 (30551 turns).

CanOfBees the Warrior (Minotaur Berserker)         Turns: 30551, Time: 01:16:57

Health: -6/157     AC: 13    Str: 26    XL:     16   Next: 29%
Magic:  0/18       EV: 16    Int:  4    God:    Trog [*****.]
Gold:   2282       SH: 18    Dex: 13    Spells: 15/15 levels left

rFire    + . .     SeeInvis .   a - +6 double sword (elec)
rCold    + . .     Gourm    .   B - +4 shield
rNeg     + . .     Faith    .   o - +5 scale mail of Zikok {rPois rF+}
rPois    +         Spirit   +   v - +2 hat {MR+}
rElec    .         Reflect  .   (no cloak)
rCorr    .         Harm     .   (no gloves)
MR       +++++                  (no boots)
Stlth    ..........             E - amulet of guardian spirit
HPRegen  1.36/turn              Z - ring of protection from magic
MPRegen  0.16/turn              U - ring of Uteas {rC+ rN+}

@: about to teleport, regenerating, constricted, drained
A: retaliatory headbutt, horns 2, low mp 1
a: Berserk, Trog's Hand, Brothers in Arms, Renounce Religion


You were on level 1 of the Swamp.
You worshipped Trog.
Trog was extremely pleased with you.
You were not hungry.

You visited 4 branches of the dungeon, and saw 24 of its levels.
You also visited: Labyrinth and Ice Cave.

You collected 3170 gold pieces.
You spent 888 gold pieces at shops.

Inventory:

Hand Weapons
 a - a +6 double sword of electrocution (weapon)
 b - the +6 shillelagh "Devastator" {shatter}
   (You found it in an ice cave)
Missiles
 j - 6 javelins
 n - 5 steel tomahawks
 C - a tomahawk of returning (quivered)
 N - 9 tomahawks
 Q - 18 javelins of penetration
Armour
 o - the +5 scale mail of Zikok (worn) {rPois rF+}
   (You found it on level 3 of the Lair of Beasts)

   It protects you from fire.
   It protects you from poison.
 v - a +2 hat of magic resistance (worn)
 B - a +4 shield (worn)
Jewellery
 k - an uncursed ring of see invisible
 s - an uncursed ring of protection from fire
 E - an amulet of guardian spirit (around neck)
 U - the ring of Uteas (right hand) {rC+ rN+}
   (You found it on level 12 of the Dungeon)

   [ring of protection from cold]

   It protects you from cold.
   It protects you from negative energy.
 W - an uncursed ring of resist corrosion
 Z - a ring of protection from magic (left hand)
Wands
 f - a wand of polymorph (13)
 h - a wand of disintegration (11)
 i - a wand of random effects (8)
 p - a wand of iceblast (25)
 r - a wand of flame (51)
 F - a wand of paralysis (51)
 G - a wand of acid (28)
 L - a wand of scattershot (1)
 P - a wand of digging (11)
 R - a wand of clouds (4)
 S - a wand of enslavement (17)
Scrolls
 g - 7 scrolls of remove curse
 l - 4 scrolls of magic mapping
 q - 3 scrolls of identify
 u - 3 scrolls of fog
 w - a scroll of summoning
 D - 4 scrolls of immolation
 J - a scroll of torment
 K - a scroll of noise
 O - 8 scrolls of teleportation
 V - a scroll of silence
Potions
 d - 3 potions of resistance
 e - 4 potions of brilliance
 m - 6 potions of flight
 t - 5 potions of heal wounds
 x - a potion of agility
 y - 10 potions of curing
 z - 4 potions of magic
 H - 2 potions of haste
 I - 2 potions of ambrosia
 M - 2 potions of mutation
 T - a potion of might
 X - a potion of invisibility
Miscellaneous
 Y - a box of beasts
Comestibles
 c - 42 rations


   Skills:
 + Level 18.2(17.9) Fighting
 + Level 14.8(14.5) Long Blades
 - Level 3.0(2.7) Armour
 + Level 16.2(15.9) Dodging
 + Level 15.2(14.9) Shields
 + Level 7.6(7.3) Evocations


You had 15 spell levels left.
You didn't know any spells.
Your spell library was empty.

Dungeon Overview and Level Annotations

Branches:
Dungeon (15/15)            Temple (0/1) D:7            Lair (6/6) D:11
  Swamp (1/4) Lair:2       Spider (0/4) Lair:2        Slime (0/5) Lair:6
    Orc (2/2) D:9             Elf (0/3) Orc:2        Vaults (0/5) D:13
 Depths (0/5) D:15

Altars:
Qazlal
Ru
Xom
Jiyva

Shops:
D:8 (   D:11 :   D:15 !   Orc:1 :   Orc:2 :!(

Annotations:
D:9 1 runed door


Innate Abilities, Weirdness & Mutations

You reflexively headbutt those who attack you in melee.
You have a pair of horns on your head.
Your magical capacity is low. (-10% MP)


Message History

* * * LOW HITPOINT WARNING * * *
The spectral anaconda completely misses you.
The spectral anaconda constricts you.
The ghost crab breathes spectral mist at you.
The spectral mist engulfs the spectral alligator snapping turtle.
The spectral alligator snapping turtle bites you!!
* * * LOW HITPOINT WARNING * * *
You partially resist.
You feel drained.
* * * LOW HITPOINT WARNING * * *
The spriggan druid is engulfed in spectral mist.
With its final breath, the spriggan druid offers up its power to the beasts of the wild!
The spectral anaconda is healed.
The spectral alligator snapping turtle seems to grow more fierce.
The spectral tyrant leech seems to grow more fierce.
The spectral anaconda seems to grow more fierce.
The spriggan druid dies!
The forest abruptly stops moving.
As you read the scroll of teleportation, it crumbles to dust.
You feel strangely unstable.
You are engulfed in spectral mist.
You die...

..≈≈♣♣ ♣♣♣ .....♣♣ ♣♣.♣♣ ≈≈≈.§≈♣
♣.≈§♣ .♣≈..♣♣ ♣♣..♣♣♣ ♣ .≈.^>♣
♣♣.≈...♣♣♣ .≈)≈≈♣ ♣.§.≈.≈≈≈.
...≈≈♣ ♣♣§..≈≈..≈ ≈♣.§≈♣
♣#♣#♣####♣♣###'#♣♣.≈ ♣♣.≈^♣♣
#tZ@Z§§Z..÷,,#.#♣.§. .≈≈≈.≈♣
#Z#########*,♣÷♣..≈. ≈.≈≈≈≈♣♣
#§#,,,,,,,,*,#§#..≈. .§≈≈≈..♣
#Z♣,******,*,#.#.♣♣♣
≈.♣≈§≈.♣♣♣♣♣♣#§#,*,,,,,,*,#§#♣♣♣§
.♣♣♣.(.......#.♣,********,#§#.♣≈≈
.♣♣♣♣.≈≈≈.≈≈≈♣.#,,,,,,,,,,♣§#...≈
≈.♣ ♣..≈♣....#)####♣♣#♣#♣♣#§#≈≈§≈
≈♣♣ ♣♣.≈≈≈≈≈≈#§§.........§§§#≈.≈≈


You could see a ghost crab, a spectral anaconda, a spectral tyrant leech, a
spectral alligator snapping turtle and a spectral spriggan druid.

Vanquished Creatures
  Rupert (Lair:4)
  The ghost of DarkwingDuck the Nimble, an adept GnFE of Vehumet (Swamp:1)
  2 orc warlords (Orc:2)
  Nessos (Lair:4)
  A minotaur (Lab)
  An ettin (Orc:1)
  Josephine (Orc:2)
  A fire dragon (D:15)
  An ice dragon (D:15)
  9 hydras
  4 ghost crabs (Swamp:1)
  16 two-headed ogres
  A centaur warrior (D:15)
  4 ogre magi (Orc:2)
  A death yak (Lair:4)
  5 alligators (Swamp:1)
  3 unseen horrors
  A wizard (D:13)
  A shambling mangrove (Lair:3)
  2 spriggan druids (Swamp:1)
  A swamp dragon (Swamp:1)
  2 necromancers
  3 orc knights (Orc:2)
  5 ugly things
  Pikel (D:5)
  An oklob plant (Lair:3)
  2 deep elf magi (D:15)
  3 orc sorcerers
  3 cyclopes
  A black mamba (shapeshifter) (D:13)
  Maurice (Orc:1)
  12 elephants
  3 black mambas
  3 ice statues (IceCv)
  Joseph (D:7)
  11 spiny frogs
  5 orange demons (D:15)
  4 rime drakes
  17 komodo dragons
  A kobold demonologist (D:13)
  A yaktaur (D:14)
  2 harpy zombies
  8 ice devils (IceCv)
  3 red devils (D:15)
  A queen bee (Lair:5)
  8 trolls
  4 tengu conjurers
  A wandering mushroom (Lair:3)
  5 polar bears (Lair:6)
  3 meliai (Lair:5)
  A hornet (shapeshifter) (D:14)
  A jumping spider (Lair:2)
  4 tyrant leeches (Swamp:1)
  Prince Ribbit (D:7)
  7 hornets
  9 hippogriffs
  A slime creature (D:10)
  15 blink frogs
  7 dream sheep (Lair:6)
  2 redbacks (Lair:2)
  18 spriggans
  7 wyverns
  23 yaks
  4 wraiths
  A human (D:7)
  4 hogs (D:7)
  9 basilisks
  A vampire (D:15)
  2 chaos spawn (D:9)
  A steam dragon (D:13)
  5 hungry ghosts
  13 vampire mosquitoes
  4 wargs
  7 swamp worms
  12 water moccasins
  11 porcupines
  2 swamp drakes (Swamp:1)
  26 orc warriors
  5 ice beasts
  A sky beast (D:13)
  A hornet zombie (D:15)
  3 black bears
  3 eyes of draining
  18 centaurs
  33 ogres
  3 phantoms
  4 boggarts (Lair:6)
  16 wolves (Lair:6)
  The ghost of Piginabag the Cutter, an amateur KoWn (D:3)
  14 crocodiles
  3 big kobolds
  A gnoll sergeant (D:9)
  24 bullfrogs
  A wyvern zombie (D:13)
  A wyvern skeleton (D:10)
  4 scorpions
  29 killer bees
  4 wights (D:10)
  A howler monkey (D:5)
  5 electric eels
  5 centaur zombies
  A bullfrog zombie (D:5)
  9 crimson imps
  A quasit (D:13)
  A draconian simulacrum (IceCv)
  4 jellies
  6 centaur skeletons
  Crazy Yiuf (D:5)
  12 orc priests
  11 hounds
  22 orc wizards
  9 iguanas
  Ijyb (D:4)
  11 worker ants
  2 spriggan simulacra (IceCv)
  5 troll simulacra (IceCv)
  A centaur simulacrum (IceCv)
  A hound skeleton (D:4)
  2 worker ant zombies
  Robin (D:3)
  16 gnolls
  7 adders
  A naga simulacrum (IceCv)
  3 shadow imps
  2 oozes
  An adder skeleton (D:7)
  4 worms
  A dart slug (D:3)
  4 leopard geckos
  65 orcs
  4 bats
  6 giant cockroaches
  14 goblins
  8 hobgoblins
  22 jackals
  17 kobolds
  2 quokkas
  5 frilled lizards
  A jackal skeleton (D:3)
  2 rats
  A plant (Lair:4)
838 creatures vanquished.

Vanquished Creatures (collateral kills)
  An orc warlord (Orc:2)
  A warg (Orc:2)
  An orc warrior (Orc:2)
  2 orcs (Orc:2)
5 creatures vanquished.

Vanquished Creatures (others)
  A two-headed ogre (Orc:2)
  A spriggan druid (Swamp:1)
  Edmund (D:5)
  A phantom (D:5)
  2 gnolls (D:5)
  A giant cockroach (D:5)
  16 fungi
  13 plants
36 creatures vanquished.

Grand Total: 879 creatures vanquished

Notes
Turn   | Place    | Note
-------+----------+-------------------------------------------
     0 | D:1      | CanOfBees the Minotaur Berserker began the quest for the Orb.
     0 | D:1      | Reached XP level 1. HP: 19/19 MP: 0/0
   139 | D:1      | Reached XP level 2. HP: 11/27 MP: 1/1
   826 | D:1      | Reached skill level 4 in Fighting
   894 | D:2      | Reached XP level 3. HP: 29/33 MP: 2/2
  1292 | D:2      | Reached XP level 4. HP: 29/41 MP: 3/3
  1696 | D:3      | Noticed Piginabag's ghost (amateur KoWn)
  1699 | D:3      | Killed Piginabag's ghost
  1699 | D:3      | Reached XP level 5. HP: 47/47 MP: 4/4
  1753 | D:3      | Reached ** piety under Trog
  1753 | D:3      | Reached skill level 5 in Fighting
  1760 | D:3      | Reached skill level 5 in Long Blades
  1854 | D:3      | Noticed Robin
  1886 | D:3      | Killed Robin
  2109 | D:3      | Reached *** piety under Trog
  2241 | D:3      | Found a sacrificial altar of Ru.
  2492 | D:4      | Reached XP level 6. HP: 54/56 MP: 5/5
  2648 | D:4      | Reached skill level 6 in Fighting
  2713 | D:4      | Reached skill level 5 in Dodging
  2770 | D:4      | Reached XP level 7. HP: 63/63 MP: 6/6
  3437 | D:4      | Noticed Ijyb
  3447 | D:4      | Killed Ijyb
  3450 | D:4      | Reached skill level 7 in Fighting
  3739 | D:5      | Entered Level 5 of the Dungeon
  3798 | D:5      | Found a stormy altar of Qazlal.
  3798 | D:5      | Noticed a fire elemental
  3799 | D:5      | Noticed a water elemental
  3800 | D:5      | Noticed an air elemental
  3832 | D:5      | Noticed Pikel
  3834 | D:5      | Noticed Edmund
  3846 | D:5      | Killed Pikel
  3846 | D:5      | Reached XP level 8. HP: 74/74 MP: 7/7
  3849 | D:5      | Reached skill level 8 in Fighting
  3852 | D:5      | Killed Edmund
  4179 | D:5      | Got a spiked chain mail
  4206 | D:5      | Found a runed door.
  4386 | D:5      | Noticed Crazy Yiuf
  4389 | D:5      | Paralysed by Crazy Yiuf for 5 turns
  4408 | D:5      | Killed Crazy Yiuf
  4680 | D:6      | Identified the cursed +0 chain mail of Apathy {-Tele rPois rN+++ Str-5} (You found it on level 5 of the Dungeon)
  4828 | D:6      | Reached **** piety under Trog
  4877 | D:6      | Reached skill level 1 in Shields
  4877 | D:6      | Reached XP level 9. HP: 82/82 MP: 8/8
  5031 | D:6      | Reached skill level 9 in Fighting
  5281 | D:7      | Noticed Prince Ribbit
  5292 | D:7      | Noticed Joseph
  5295 | D:7      | Killed Prince Ribbit
  5314 | D:7      | Killed Joseph
  5446 | D:7      | Found a shimmering altar of Xom.
  5643 | D:7      | Reached skill level 10 in Fighting
  5643 | D:7      | Reached skill level 10 in Long Blades
  5654 | D:7      | Reached XP level 10. HP: 85/93 MP: 6/9
  5656 | D:7      | Reached skill level 5 in Shields
  5706 | D:7      | Found a staircase to the Ecumenical Temple.
  6294 | D:8      | Received a gift from Trog
  6532 | D:8      | Found Viqoen's Antique Weapon Shoppe.
  6840 | D:9      | Found a runed door.
  6846 | D:9      | Got a transparent cloak
  6853 | D:9      | Identified the cursed -1 cloak of Vanity {-Tele rCorr SInv} (You found it on level 9 of the Dungeon)
  6942 | D:9      | Noticed a sixfirhy
  7344 | D:9      | Found a shimmering altar of Xom.
  7347 | D:9      | Found the +16 mace of Variability {chaos}
  7349 | D:9      | Noticed a two-headed ogre
  7381 | D:9      | Killed a two-headed ogre
  7381 | D:9      | Reached skill level 11 in Fighting
  7626 | D:9      | Found a staircase to the Orcish Mines.
  7655 | D:9      | Noticed a two-headed ogre
  7668 | D:9      | Killed a two-headed ogre
  7668 | D:9      | Reached skill level 10 in Dodging
  7769 | D:9      | Reached ***** piety under Trog
  7879 | D:9      | Reached XP level 11. HP: 89/102 MP: 8/10
  8166 | D:10     | Entered Level 10 of the Dungeon
  8462 | D:10     | Got a heavily runed scale mail
  8668 | D:10     | Noticed a two-headed ogre
  8695 | D:10     | Killed a two-headed ogre
  9395 | D:11     | Found a staircase to the Lair.
  9409 | D:11     | Found Ysushuus's Book Boutique.
  9426 | D:11     | Noticed a two-headed ogre
  9435 | D:11     | Killed a two-headed ogre
  9489 | D:11     | Found a frozen archway.
  9527 | IceCv    | Entered an ice cave
  9556 | IceCv    | Reached skill level 12 in Fighting
 10485 | IceCv    | Noticed a necromancer
 10488 | IceCv    | Found the +6 shillelagh "Devastator" {shatter}
 10496 | IceCv    | Killed a necromancer
 10736 | D:11     | Reached XP level 12. HP: 95/113 MP: 9/11
 11156 | D:11     | Identified the cursed +1 scale mail "Tini" {rF+ Str+2 Slay+2 SInv} (You took it off a wight on level 10 of the Dungeon)
 11450 | D:12     | Got a bound bone ring
 11476 | D:12     | Reached skill level 10 in Shields
 11609 | D:12     | Reached skill level 13 in Fighting
 11926 | D:13     | Found a gate to the Vaults.
 11936 | D:13     | Received a gift from Trog
 12003 | D:13     | Got an ivory trident {god gift}
 12082 | D:13     | Identified the ring of Uteas {rC+ rN+} (You found it on level 12 of the Dungeon)
 12083 | D:13     | Identified the +12 trident "Qetrytem" {antimagic, rElec rF+ MR++ Str-3} (Trog gifted it to you on level 13 of the Dungeon)
 12167 | D:13     | Noticed an eight-headed hydra
 12182 | D:13     | Killed an eight-headed hydra
 12978 | D:13     | Noticed a two-headed ogre
 12986 | D:13     | Killed a two-headed ogre
 13019 | D:14     | Reached XP level 13. HP: 119/123 MP: 12/12
 13085 | Lair:1   | Entered Level 1 of the Lair of Beasts
 13278 | Lair:1   | Reached skill level 14 in Fighting
 14474 | Lair:2   | Found a staircase to the Swamp.
 14765 | Lair:2   | Received a gift from Trog
 14952 | Lair:2   | Found a hole to the Spider Nest.
 15539 | Lair:3   | Identified the +5 scale mail of Zikok {rPois rF+} (You found it on level 3 of the Lair of Beasts)
 17307 | Lair:4   | Noticed Nessos
 17322 | Lair:4   | Killed Nessos
 17380 | Lair:4   | Reached skill level 15 in Fighting
 18193 | Lair:4   | Reached XP level 14. HP: 41/135 MP: 4/13
 18631 | Lair:4   | Noticed Rupert
 18647 | Lair:4   | Killed Rupert
 20075 | Lair:5   | Received a gift from Trog
 20372 | Lair:6   | Entered Level 6 of the Lair of Beasts
 20578 | Lair:6   | Reached skill level 16 in Fighting
 20735 | Lair:6   | Found a viscous altar of Jiyva.
 20736 | Lair:6   | Found a staircase to the Slime Pits.
 20837 | Lair:6   | Reached skill level 15 in Shields
 20859 | Lair:6   | Reached skill level 1 in Evocations
 21374 | Lair:6   | Reached ****** piety under Trog
 21389 | Lair:6   | Received a gift from Trog
 21489 | Lair:6   | Identified a scroll of acquirement
 21492 | Lair:6   | Got a dazzling double sword
 22816 | Lair:1   | Identified the +4 double sword "Isseusm" {venom, *Contam rF+ SInv} (You acquired it on level 6 of the Lair of Beasts)
 22883 | D:13     | Gained mutation: Your magical capacity is low. (-10% MP) [mutagenic glow]
 23111 | D:14     | Reached XP level 15. HP: 130/145 MP: 14/14
 23819 | D:15     | Entered Level 15 of the Dungeon
 24066 | D:15     | Found a staircase to the Depths.
 24356 | D:15     | Found Kennuepp's Distillery.
 24369 | D:15     | Reached skill level 15 in Dodging
 24373 | D:15     | Reached skill level 17 in Fighting
 24623 | D:15     | Reached skill level 5 in Evocations
 25312 | Orc:1    | Entered Level 1 of the Orcish Mines
 25378 | Orc:2    | Entered Level 2 of the Orcish Mines
 25389 | Orc:2    | Found a labyrinth entrance.
 25398 | Lab      | Entered a labyrinth
 25727 | Lab      | Identified Xulalu's Grimoire of Sinister Arts and Cold
 25985 | Orc:2    | Received a gift from Trog
 25988 | Orc:2    | Noticed Josephine
 26001 | Orc:2    | Killed Josephine
 26055 | Orc:2    | Found a staircase to the Elven Halls.
 26221 | Orc:2    | Found Cyluozeh's Distillery.
 26221 | Orc:2    | Found Jalod's Magic Scroll Shoppe.
 26222 | Orc:2    | Found Bing's Antique Weapon Shop.
 26222 | Orc:2    | Found Usohoug's Book Emporium.
 26246 | Orc:2    | Bought a scroll of remove curse for 36 gold pieces
 26246 | Orc:2    | Bought a scroll of acquirement for 624 gold pieces
 26246 | Orc:2    | Bought a scroll of identify for 24 gold pieces
 26246 | Orc:2    | Bought a scroll of identify for 24 gold pieces
 26246 | Orc:2    | Bought a scroll of silence for 90 gold pieces
 26246 | Orc:2    | Bought a scroll of torment for 90 gold pieces
 26253 | Orc:2    | Identified the +5 double sword of Cexuma Bavum {protect, Int+5} (You acquired it on level 2 of the Orcish Mines)
 26287 | Orc:2    | Noticed an orc warlord
 26309 | Orc:2    | Killed an orc warlord
 26311 | Orc:2    | Noticed an orc warlord
 26345 | Orc:2    | Killed an orc warlord
 26392 | Orc:2    | Received a gift from Trog
 26439 | Orc:2    | Noticed an orc warlord
 27164 | Orc:2    | Killed an orc warlord
 27588 | Orc:2    | Identified the +6 ring mail "Duar" {MR+ Stlth+} (You took it off an orc knight on level 2 of the Orcish Mines)
 27739 | Orc:2    | Identified the Incunabulum of the Igneous Birds
 27741 | Orc:2    | Identified Restrunoi's Guide on Malediction and Changing
 27817 | Orc:1    | Found Riddoloaq's Book Shop.
 27982 | Orc:1    | Noticed Maurice
 27991 | Orc:1    | Killed Maurice
 27991 | Orc:1    | Reached skill level 18 in Fighting
 28925 | Swamp:1  | Entered Level 1 of the Swamp
 28960 | Swamp:1  | Reached XP level 16. HP: 154/157 MP: 18/18
 29357 | Swamp:1  | Noticed DarkwingDuck's ghost (adept GnFE)
 29376 | Swamp:1  | Killed DarkwingDuck's ghost
 29763 | Swamp:1  | Found a runed door.
 30550 | Swamp:1  | HP: 7/157 [spectral alligator snapping turtle[a ghost crab] (20)]
 30551 | Swamp:1  | Engulfed by a ghost crab's spectral mist

Vault maps used:
D:1:      ebering_hopf_link
D:2:      first_ration, glass_columns_a, minmay_misc_feat_enclosed,
          hangedman_decor_growths, kennysheep_generic_room_11
D:3:      nicolae_ru_the_path_less_chosen, uniq_robin
D:4:      minmay_unequal, uniq_ijyb
D:5:      nicolae_qazlal_style_of_elements, uniq_pikel, uniq_edmund,
          uniq_crazy_yiuf_cottage
D:6:      nicolae_sextant, roderic_serpentine_path, minivault_11
D:7:      minmay_temple_entry_large_hall, basic_altar, grunt_livestock,
          uniq_prince_ribbit1, uniq_joseph
D:8:      serial_shops, nicolae_shop_crystal, due_unseen_surprise
D:9:      cheibrodos_shockbox, david_orc_3, serial_glass, glass_columns_c,
          glass_columns_b, minmay_guarded_unrand_variability
D:10:     kb_rosetta
D:11:     lair_entry_dummy, portal_ice_cave_rime, serial_shops,
          kennysheep_mini_moat
D:13:     david_vaults_1, serial_curves, eino_curves_02, eino_curves_04,
          special_room, uniq_erolcha
D:15:     grunt_enter_depths_hoard, serial_shops, shop, minmay_fountain_box,
          minmay_beelzebubs_servants
Lair:1:   beast_lair_carwin_large_4, st_stairs_3, grunt_megastairs_1
Lair:2:   minmay_swamp_entry_worms, spider_nest_entry_a, patterned_corridor
Lair:3:   lemuel_fruit_tree, minmay_lair_oklob_chamber
Lair:4:   grunt_forest_large_clearing_hut, uniq_rupert, uniq_nessos
Lair:5:   special_room, beast_lair_carwin_11
Lair:6:   minmay_lair_end_enchanted_forest, slime_altar_1, grunt_megastairs_2
Swamp:1:  gammafunk_mikee_crab_dinner, evilmike_swamp_ruin_house_4
Orc:1:    serial_shops, shop, uniq_maurice
Orc:2:    st_orc_ogre_mass, lab_entry_generic, minmay_orc_treasury,
          uniq_josephine
Lab:      labyrinth_mini_lab, labyrinth_glass_1, nicolae_lab_hexagon,
          nicolae_lab_do_over, labyrinth_skeletal_remains, lab_statue,
          nicolae_lab_big_swirl
IceCv:    ice_cave_tombish

Skill      XL: |  1  2  3  4  5  6  7  8  9 10 11 12 13 14 15 |
---------------+----------------------------------------------+-----
Fighting       | 4 5 6 7 8 10 11 12 13 15 16 18 | 18.2
Long Blades    | 4 5 6 7 8 10 11 12 13 14 | 14.8
Armour         | 3 |  3.0
Dodging        | 3 4 5 6 7 9 10 11 12 14 16 | 16.2
Shields        | 1 4 7 9 11 13 15 | 15.2
Evocations     | 3 7 |  7.6

Action                   |  1- 3 |  4- 6 |  7- 9 | 10-12 | 13-15 | 16-18 || total
-------------------------+-------+-------+-------+-------+-------+-------++-------
Melee: Falchion          |    47 |   113 |   176 |       |       |       ||   336
       Headbutt          |    12 |    31 |    80 |   226 |   384 |    27 ||   760
       Long sword        |       |       |    71 |   516 |       |       ||   587
       Scimitar          |       |       |       |   212 |  1016 |       ||  1228
       Shillelagh        |       |       |       |    15 |    63 |       ||    78
       Trident           |       |       |       |     2 |       |       ||     2
       Double sword      |       |       |       |       |   104 |   132 ||   236
Throw: Tomahawk          |       |       |       |     8 |    23 |     1 ||    32
       Javelin           |       |       |       |       |     2 |     9 ||    11
Invok: Berserk           |     1 |     2 |     4 |     7 |     7 |     1 ||    22
       Trog's Hand       |       |       |     4 |     9 |    10 |     2 ||    25
       Brothers in Arms  |       |       |       |       |     1 |       ||     1
Evoke: Wand              |       |       |       |    16 |    30 |     5 ||    51
  Use: Scroll            |     1 |     3 |     5 |    14 |    26 |     4 ||    53
       Potion            |     1 |       |     1 |     5 |     6 |       ||    13
 Stab: Paralysed         |       |       |       |     4 |     5 |       ||     9
  Eat: Chunk             |     1 |     4 |    14 |    24 |    24 |     5 ||    72
       Ration            |       |     1 |       |     4 |    11 |     1 ||    17
Armor: Scale mail        |    14 |    45 |    15 |    19 |   127 |    21 ||   241
       Chain mail        |       |       |    69 |   101 |       |       ||   170
       Plate armour      |       |       |       |       |    19 |       ||    19
Dodge: Dodged            |    20 |    95 |   149 |   297 |   563 |    53 ||  1177
Block: Shield            |       |       |    87 |   411 |  1048 |   114 ||  1660
       Rpst.: Falchion   |     4 |    25 |    30 |       |       |       ||    59
       Long sword        |       |       |     5 |    43 |       |       ||    48
       Scimitar          |       |       |       |    23 |    96 |       ||   119
       Double sword      |       |       |       |       |    12 |    13 ||    25

Table legend:
 A = Spawn XP
 B = Non-spawn XP
 C = Spawn XP percentage of total XP
 D = Spawn monster count
 E = Non-spawn monster count
 F = Spawn count percentage of total count
 G = Total turns spent on level
                    A         B        C        D         E        F      G
               +---------+---------+-------+---------+---------+-------+---------
         Total |       0 |  171894 |   0.0 |       0 |     844 |   0.0 | 30551
               +---------+---------+-------+---------+---------+-------+---------
           D:1 |       0 |      36 |   0.0 |       0 |       7 |   0.0 |   880
           D:2 |       0 |      83 |   0.0 |       0 |      20 |   0.0 |   872
           D:3 |       0 |     240 |   0.0 |       0 |      38 |   0.0 |   804
           D:4 |       0 |     900 |   0.0 |       0 |      38 |   0.0 |  1214
           D:5 |       0 |    1174 |   0.0 |       0 |      14 |   0.0 |   860
           D:6 |       0 |     863 |   0.0 |       0 |      18 |   0.0 |   661
           D:7 |       0 |    2948 |   0.0 |       0 |      32 |   0.0 |   901
           D:8 |       0 |     945 |   0.0 |       0 |      25 |   0.0 |   486
           D:9 |       0 |    3956 |   0.0 |       0 |      42 |   0.0 |  1566
          D:10 |       0 |    3197 |   0.0 |       0 |      21 |   0.0 |  1342
          D:11 |       0 |    3696 |   0.0 |       0 |      18 |   0.0 |   872
          D:12 |       0 |    3617 |   0.0 |       0 |      20 |   0.0 |   584
          D:13 |       0 |   10847 |   0.0 |       0 |      66 |   0.0 |  1274
          D:14 |       0 |    3798 |   0.0 |       0 |      23 |   0.0 |   928
          D:15 |       0 |   14402 |   0.0 |       0 |      41 |   0.0 |  1406
        Lair:1 |       0 |    7173 |   0.0 |       0 |      33 |   0.0 |  1428
        Lair:2 |       0 |    2784 |   0.0 |       0 |      14 |   0.0 |  1061
        Lair:3 |       0 |    7669 |   0.0 |       0 |      25 |   0.0 |  1866
        Lair:4 |       0 |   11961 |   0.0 |       0 |      19 |   0.0 |  1681
        Lair:5 |       0 |   10967 |   0.0 |       0 |      58 |   0.0 |  1665
        Lair:6 |       0 |   22605 |   0.0 |       0 |      95 |   0.0 |  2247
       Swamp:1 |       0 |   18726 |   0.0 |       0 |      35 |   0.0 |  1626
         Orc:1 |       0 |    4081 |   0.0 |       0 |      25 |   0.0 |  1164
         Orc:2 |       0 |   28530 |   0.0 |       0 |      92 |   0.0 |  1695
           Lab |       0 |    1608 |   0.0 |       0 |       3 |   0.0 |   339
         IceCv |       0 |    5088 |   0.0 |       0 |      22 |   0.0 |  1129
               +---------+---------+-------+---------+---------+-------+---------
